 Dungeon Crawl Stone Soup version 0.24.0-125-gc4c63601f3 (webtiles) character file.

Game seed: 15150746557695429447, levelgen mode: deterministic

614966 Johnny the Metallomancer (level 25, 0/190 HPs)
             Began as a Demigod Earth Elementalist on Mar 8, 2020.
             Shot with a bolt by a yaktaur (18 damage)
             ... on level 4 of the Depths.
             The game lasted 02:15:26 (65050 turns).

Johnny the Metallomancer (DgEE)                    Turns: 65050, Time: 02:15:27

Health: 0/190      AC: 23    Str: 15    XL:     25   Next: 55%
Magic:  0/69       EV: 21    Int: 43    God:
Gold:   2985       SH:  9    Dex: 23    Spells: 3/67 levels left

rFire    + . .     SeeInvis +   M - staff of earth
rCold    + + +     Gourm    .   N - +2 buckler {AC+3}
rNeg     . . .     Faith    .   I - +4 moon troll leather armour {Spirit, Regen++ MP+5}
rPois    .         Spirit   +   H - +2 helmet {SInv}
rElec    +         Reflect  .   D - +1 cloak of the Onion {Int+4 Dex+6}
rCorr    .         Harm     +   s - +2 pair of gloves
MR       ++...                  a - +2 pair of boots of the Barber Surgeon {+Inv rElec rC+++ Dex-4}
Stlth    +++.......             K - amulet of harm
HPRegen  1.21/turn              l - +4 ring of intelligence
MPRegen  0.41/turn              Y - ring of Buryuzxef {rF+ MP+9 Str+4}

@: agile, about to teleport, hasted, very quick
A: high mp 1
}: 3/15 runes: barnacled, silver, gossamer
a: Evoke Invisibility


You were on level 4 of the Depths.
You were not hungry.

You visited 8 branches of the dungeon, and saw 44 of its levels.
You visited 1 bazaar.
You visited 1 ziggurat, and saw 14 of its levels.
You also visited: Gauntlet.

You collected 8220 gold pieces.
You spent 5235 gold pieces at shops.

Inventory:

Missiles
 p - 733 stones (quivered)
Armour
 a - the +2 pair of boots of the Barber Surgeon (worn) {+Inv rElec rC+++ Dex-4}
   (You found it on level 3 of the Elven Halls)

   It affects your dexterity (-4).
   It renders you almost immune to cold.
   It insulates you from electricity.
   It lets you turn invisible.
 j - the cursed +0 chain mail of Servitude {rF- rN+ Int+6}
   (You found it on level 4 of a ziggurat)

   It affects your intelligence (+6).
   It makes you vulnerable to fire.
   It protects you from negative energy.
   It has a curse placed upon it.
 s - a +2 pair of gloves (worn)
 D - the +1 cloak of the Onion (worn) {Int+4 Dex+6}
   (You bought it in a shop on level 3 of the Depths)

   It affects your intelligence (+4).
   It affects your dexterity (+6).
 H - a +2 helmet of see invisible (worn)
 I - the +4 moon troll leather armour (worn) {Spirit, Regen++ MP+5}
   (You found it on level 7 of a ziggurat)

   It affects your magic capacity (+5).
   It increases your rate of regeneration.
 N - a +2 buckler of protection (worn)
Magical Staves
 M - an uncursed staff of earth (weapon)
 Q - an uncursed staff of energy
 V - an uncursed staff of power
Jewellery
 l - a +4 ring of intelligence (left hand)
 E - the amulet of Autotheism {Reflect rElec rN+ Dex+4 SH+3}
   (You took it off a deep elf sorcerer on level 3 of the Elven Halls)

   [amulet of reflection]

   It shields you and reflects attacks.
   It affects your dexterity (+4).
   It insulates you from electricity.
   It protects you from negative energy.
   It affects your SH (+3).
 K - an amulet of harm (around neck)
 P - an uncursed ring of resist corrosion
 Y - the ring of Buryuzxef (right hand) {rF+ MP+9 Str+4}
   (You found it in a Gauntlet)

   [ring of magical power]

   It affects your strength (+4).
   It protects you from fire.
   It affects your magic capacity (+9).
Wands
 q - a wand of enslavement (9)
 t - a wand of polymorph (8)
 C - a wand of acid (9)
 F - a wand of digging (1)
 G - a wand of paralysis (9)
Scrolls
 b - 7 scrolls of identify
 c - a scroll of enchant armour
 f - 8 scrolls of magic mapping
 g - 12 scrolls of teleportation
 i - 22 scrolls of remove curse
 n - 3 scrolls of immolation
 o - 12 scrolls of fog
 U - 2 scrolls of silence
 Z - 2 scrolls of torment
Potions
 h - 2 potions of resistance
 u - a potion of agility
 v - 8 potions of cancellation
 x - 6 potions of brilliance
 B - 13 potions of lignification
 J - 4 potions of berserk rage
 L - 2 potions of haste
 R - 3 potions of flight
 S - 10 potions of mutation
 W - 2 potions of curing
 X - 9 potions of might
Miscellaneous
 e - 2 phantom mirrors
 k - a lamp of fire (inert)
 y - a lightning rod (4/4)
Comestibles
 d - 80 rations


   Skills:
 - Level 8.6 Fighting
 - Level 4.6 Armour
 - Level 5.1 Dodging
 - Level 1.7 Stealth
 - Level 6.0 Shields
 + Level 21.9 Spellcasting
 - Level 17.4 Hexes
 + Level 12.2 Translocations
 - Level 0.8 Transmutations
 + Level 3.2 Air Magic
 - Level 23.0 Earth Magic


You had 3 spell levels left.
You knew the following spells:

 Your Spells              Type           Power        Failure   Level  Hunger
a - Sandblast             Erth           ######       0%          1    None
b - Stone Arrow           Conj/Erth      ######       0%          3    None
c - Lee's Rapid Deconstr  Erth           #########.   0%          5    None
d - Petrify               Tmut/Erth      ########     1%          4    None
e - Blink                 Tloc           N/A          0%          2    None
f - Iron Shot             Conj/Erth      ########..   1%          6    None
g - Discord               Hex            ########..   2%          8    None
h - Controlled Blink      Tloc           N/A          22%         8    None
i - Deflect Missiles      Chrm/Air       ######....   36%         6    None
j - Regeneration          Chrm/Necr      #####.....   1%          3    None
k - Borgnjor's Vile Clut  Necr/Erth      ########..   1%          5    None
l - Apportation           Tloc           ######       0%          1    None
m - Summon Butterflies    Summ           #####...     1%          1    None
n - Shroud of Golubria    Chrm/Tloc      ######       1%          2    None
o - Tornado               Air            ######....   100%        9    ##.....

Your spell library contained the following spells:

 Spells                   Type           Power        Failure   Level  Hunger
 Confusing Touch          Hex            ######       0%          1    None
 Passwall                 Tmut/Erth      ########     0%          2    None
 Slow                     Hex            ########     0%          2    None
 Confuse                  Hex            ########     0%          3    None
 Gell's Gravitas          Tloc           ########..   0%          3    None
 Lesser Beckoning         Tloc           ########..   0%          3    None
 Portal Projectile        Hex/Tloc       ######       0%          3    None
 Tukima's Dance           Hex            ########     0%          3    None
 Animate Skeleton         Necr           N/A          1%          1    None
 Beastly Appendage        Tmut           ######       1%          1    None
 Flame Tongue             Conj/Fire      #####        1%          1    None
 Freeze                   Ice            ####         1%          1    None
 Infusion                 Chrm           ####         1%          1    None
 Magic Dart               Conj           ####         1%          1    None
 Pain                     Necr           ####         1%          1    None
 Sting                    Conj/Pois      ####         1%          1    None
 Summon Small Mammal      Summ           ####         1%          1    None
 Call Imp                 Summ           #####...     1%          2    None
 Corpse Rot               Necr           N/A          1%          2    None
 Ensorcelled Hibernation  Hex/Ice        ######       1%          2    None
 Poisonous Vapours        Pois/Air       ######       1%          2    None
 Song of Slaying          Chrm           #####...     1%          2    None
 Sticks to Snakes         Tmut           ######..     1%          2    None
 Swiftness                Chrm/Air       ######..     1%          2    None
 Throw Flame              Conj/Fire      #####.       1%          2    None
 Throw Frost              Conj/Ice       #####.       1%          2    None
 Call Canine Familiar     Summ           #####...     1%          3    None
 Conjure Flame            Conj/Fire      #####...     1%          3    None
 Ignite Poison            Fire/Tmut/Pois #####...     1%          3    None
 Inner Flame              Hex/Fire       #######.     1%          3    None
 Mephitic Cloud           Conj/Pois/Air  ######..     1%          3    None
 Ozocubu's Armour         Chrm/Ice       #####...     1%          3    None
 Recall                   Summ/Tloc      N/A          1%          3    None
 Spectral Weapon          Hex/Chrm       #######.     1%          3    None
 Spider Form              Tmut/Pois      ######....   1%          3    None
 Summon Guardian Golem    Hex/Summ       #######.     1%          3    None
 Vampiric Draining        Necr           #####.....   1%          3    None
 Cause Fear               Hex            ########..   0%          4    None
 Leda's Liquefaction      Hex/Erth       ########..   0%          4    None
 Force Lance              Conj/Tloc      #######.     1%          4    None
 Passage of Golubria      Tloc           N/A          1%          4    None
 Bolt of Magma            Conj/Fire/Erth ########..   1%          5    None
 Metabolic Englaciation   Hex/Ice        #######...   1%          5    None
 Silence                  Hex/Air        #######...   1%          5    None
 Summon Forest            Summ/Tloc      #######...   1%          5    None
 Yara's Violent Unravell  Hex/Tmut       #######...   1%          5    None
 Darkness                 Hex            ########..   1%          6    None
 Dispersal                Tloc           ########..   1%          6    None
 Invisibility             Hex            ########     1%          6    None
 Statue Form              Tmut/Erth      ########.    1%          6    None
 Summon Lightning Spire   Summ/Air       ######..     2%          4    None
 Animate Dead             Necr           N/A          4%          4    None
 Ice Form                 Ice/Tmut       ######..     4%          4    None
 Olgreb's Toxic Radiance  Pois           #####...     4%          4    None
 Sticky Flame             Conj/Fire      #####...     4%          4    None
 Summon Ice Beast         Ice/Summ       #####...     4%          4    None
 Throw Icicle             Conj/Ice       #####...     4%          4    None
 Blade Hands              Tmut           ######....   10%         5    None
 Alistair's Intoxication  Tmut/Pois      ######..     12%         5    None
 Irradiate                Conj/Tmut      ######....   12%         5    None
 Aura of Abjuration       Summ           #####.....   14%         5    None
 Bolt of Draining         Conj/Necr      #####.....   14%         5    None
 Fireball                 Conj/Fire      #####.....   14%         5    None
 Iskenderun's Battlesphe  Conj/Chrm      #####...     14%         5    None
 Summon Demon             Summ           #####.....   14%         5    None
 Venom Bolt               Conj/Pois      #####.....   14%         5    None
 Disjunction              Tloc           ########..   22%         8    None
 Malign Gateway           Summ/Tloc      #######...   34%         7    None
 Conjure Ball Lightning   Conj/Air       ######....   36%         6    None
 Freezing Cloud           Conj/Ice/Air   ######....   45%         6    None
 Hydra Form               Tmut           ######....   47%         6    None
 Bolt of Cold             Conj/Ice       #####.....   61%         6    None
 Death Channel            Necr           #####.....   61%         6    None
 Ozocubu's Refrigeration  Ice            #####.....   61%         6    None
 Shadow Creatures         Summ           N/A          61%         6    None
 Simulacrum               Ice/Necr       #####.....   61%         6    None
 Dragon Form              Tmut           ######....   96%         7    None
 Monstrous Menagerie      Summ           #####.....   99%         7    None
 Orb of Destruction       Conj           #####.....   99%         7    None
 Ring of Flames           Chrm/Fire      #####.....   99%         7    None
 Spellforged Servitor     Conj/Summ      #####.....   99%         7    None
 Summon Greater Demon     Summ           #####.....   99%         7    None
 Summon Hydra             Summ           #####.....   99%         7    None
 Summon Horrible Things   Summ           #####.....   100%        8    None
 Dragon's Call            Summ           #####.....   100%        9    ##.....


Dungeon Overview and Level Annotations

Branches:
Dungeon (15/15)            Temple (0/1) D:6            Lair (6/6) D:8
 Shoals (4/4) Lair:3       Spider (4/4) Lair:3        Slime (0/5) Lair:5
    Orc (2/2) D:12            Elf (3/3) Orc:2        Vaults (5/5) D:13
  Crypt (0/3) Vaults:3     Depths (5/5) D:15            Zot (0/5) Depths:5
Gauntlet (visited)

Shops:
D:14 (   Orc:2 (:?!   Elf:1 *=*}[   Elf:2 (   Shoals:3 (*   Vaults:1 [[
Vaults:3 (   Vaults:4 :   Vaults:5 [!   Depths:1 (   Depths:2 =}=   Depths:3 [%

Portals:
Hell: Depths:1 Depths:2 Depths:5
Abyss: Depths:4 Depths:5
Pandemonium: Orc:2

Annotations:
D:4 3 runed translucent doors, capra's ghost, weakling GrGl; seehj's ghost, amateur HOEE
Depths:4 1 transporter


Innate Abilities, Weirdness & Mutations

You have an increased reservoir of magic. (+10% MP)


Message History

The yaktaur shoots a bolt.
The bolt hits you!
* * * LOW HITPOINT WARNING * * *
Found a stone staircase leading down.
You see here a bolt.
Unknown command.
A yaktaur comes into view.
The yaktaur wields a +0 arbalest.
The yaktaur shoots a bolt.
The bolt hits you but does no damage.
You hear a shout!
Unknown command.
Unknown command.
The yaktaur wields a +0 arbalest.
The yaktaur shoots a bolt.
The bolt hits you.
* * * LOW HITPOINT WARNING * * *
You see here a bolt.
Unknown command.
Unknown command. 2 yaktaurs come into view.
The yaktaur wields a +0 arbalest.
The yaktaur shoots a bolt.
The bolt barely misses you.
The yaktaur shoots a bolt.
The bolt hits you!!
You die...

.. ... ....#.. #.......
.......##.......
..........#.........#(..#
.......... c......@D..##
#.........
..c.......(.###c........
....c..c.....T)Tc....(..
###############c..<.....
#.......≈. #.......≈$
#§......≈. #######....
#:#)#)#....


You could see a storm dragon, a deep troll and 5 yaktaurs.

Vanquished Creatures
  An ancient lich (Vaults:5)
  Mara (Elf:3)
  A juggernaut (Depths:1)
  Bai Suzhen (Shoals:2)
  Saint Roka (Elf:3)
  2 caustic shrikes (Depths:5)
  Xtahua (Vaults:2)
  A golden dragon (Depths:5)
  Nikola (Spider:3)
  Arachne (Spider:2)
  A bone dragon (Depths:5)
  A Brimstone Fiend (Zig:8)
  5 tentacled monstrosities
  An Ice Fiend (Zig:8)
  Asterion (Spider:2)
  8 liches
  A deep elf blademaster (Elf:2)
  3 quicksilver dragons (Vaults:5)
  5 titans (Vaults:5)
  Polyphemus (Shoals:3)
  A deep elf master archer (Elf:3)
  An ancient champion (Vaults:3)
  3 sphinxes
  Agnes (Elf:1)
  Kirke (D:13)
  2 thorn hunters (Depths:2)
  3 tengu reavers
  6 storm dragons (Vaults:5)
  2 revenants
  5 shadow dragons
  An azure jelly (shapeshifter) (Vaults:1)
  2 azure jellies (Zig:10)
  4 fire giants
  Donald (Shoals:3)
  Ilsuiw (Shoals:3)
  A nagaraja (Zig:13)
  8 deep elf sorcerers
  A warmonger (Zig:8)
  7 frost giants
  9 vault wardens
  5 ghost moths
  A draconian shifter (Zig:7)
  4 iron dragons
  Aizul (Spider:3)
  4 deep elf elementalists (Elf:3)
  8 emperor scorpions
  Louise (Depths:5)
  A ghoul (Vaults:3)
  8 very ugly things
  15 ironheart preservers
  A reaper (Zig:8)
  4 spriggan defenders
  A vampire knight (Vaults:3)
  2 war gargoyles (Vaults:5)
  19 stone giants
  A spark wasp (Depths:3)
  8 deep elf annihilators
  4 entropy weavers
  A black sun (Zig:8)
  3 purple draconians (Depths:5)
  2 green draconians (Depths:5)
  Azrael (Elf:1)
  3 dire elephants (Lair:6)
  8 deep elf demonologists
  A red draconian (Depths:5)
  A minotaur (Gauntlet)
  6 ettins
  2 crystal guardians (Vaults:4)
  7 fire dragons
  6 merfolk javelineers (Shoals:4)
  6 merfolk impalers
  7 deep elf death magi
  A green death (Gauntlet)
  11 deep elf high priests
  14 ogre magi
  11 yaktaur captains
  5 vault guards
  10 great orbs of eyes
  4 rakshasas
  3 spriggan air magi
  A death knight (Vaults:3)
  A shambling mangrove (Zig:4)
  A hell knight (Depths:2)
  A merfolk avatar (Shoals:2)
  12 hydras
  2 catoblepae
  6 ice dragons
  An anaconda (Lair:6)
  8 centaur warriors
  Erica (D:9)
  A two-headed ogre (shapeshifter) (Vaults:3)
  24 dancing weapons
  2 satyrs
  7 merfolk aquamancers (Shoals:4)
  3 death yaks (Shoals:3)
  43 two-headed ogres
  A tengu warrior (Depths:1)
  The ghost of cccccccc the Carver, a novice MiFi of Hepliaklqana (D:11)
  5 deep troll shamans
  7 orc high priests (Orc:2)
  6 vampire magi
  Urug (Lair:4)
  22 deep elf knights
  3 deep troll earth magi
  A sun demon (Orc:2)
  A fire crab (shapeshifter) (Vaults:4)
  3 shadow wraiths
  5 spriggan berserkers
  Nergalle (Lair:4)
  2 skeletal warriors (Vaults:3)
  A sixfirhy (Zig:8)
  2 iron trolls
  An unseen horror (shapeshifter) (Vaults:3)
  A spatial maelstrom (Zig:5)
  An unseen horror (D:12)
  3 glowing orange brains
  A torturous demonspawn (Orc:2)
  6 deep trolls
  4 flayed ghosts
  A spriggan druid (Zig:3)
  A shadow demon (Zig:8)
  A kraken simulacrum (Shoals:4)
  2 large abominations (Zig:5)
  3 wizards
  16 deep elf archers
  16 orb spiders
  13 ironbrand convokers
  2 infernal demonspawn (Orc:2)
  7 sea snakes
  18 harpies
  2 orange crystal statues (Zig:11)
  Pikel (D:4)
  4 phantasmal warriors
  5 necromancers
  22 wolf spiders
  15 orc knights
  2 fauns (Shoals:3)
  3 human zombies
  A frost giant zombie (Vaults:2)
  2 oklob plants
  17 cyclopes
  12 orc sorcerers
  16 ugly things
  93 deep elf magi
  A salamander (Zig:13)
  12 manticores
  3 moths of wrath
  11 elephants
  2 stone giant skeletons
  Maurice (D:11)
  An eye of devastation (shapeshifter) (Vaults:5)
  3 molten gargoyles (Depths:2)
  9 black mambas
  A black mamba (shapeshifter) (Vaults:3)
  A centaur zombie (D:15)
  12 merfolk sirens
  4 guardian serpents
  2 ice statues (Zig:11)
  5 water nymphs
  14 vault sentinels
  A gargoyle (D:13)
  A torpor snail (Spider:2)
  8 spiny frogs
  A smoke demon (Zig:5)
  A frost giant skeleton (Vaults:4)
  10 komodo dragons
  A yaktaur zombie (Vaults:4)
  5 freezing wraiths
  3 rime drakes
  14 demonic crawlers
  2 ice devils
  35 yaktaurs
  2 hellwings (Orc:2)
  A tengu conjurer (Depths:1)
  An ancient zyme (Zig:5)
  9 trolls
  2 meliai (shapeshifter)
  A shadow dragon simulacrum (Vaults:5)
  27 jumping spiders
  Grinder (D:3)
  16 hornets
  21 merfolk
  A queen bee (Lair:3)
  8 wind drakes
  A sphinx simulacrum (Vaults:5)
  16 dream sheep
  A meliai zombie (D:14)
  16 hippogriffs
  A dream sheep (shapeshifter) (Zig:1)
  21 slime creatures
  4 human simulacra
  14 blink frogs
  An ettin zombie (Vaults:2)
  A snapping turtle (shapeshifter) (Elf:1)
  59 redbacks
  A vampire (D:13)
  An ettin skeleton (Vaults:4)
  9 air elementals
  10 snapping turtles
  7 spriggans
  3 shadows
  14 water elementals
  3 wraiths
  2 centaur simulacra (D:14)
  2 hogs (shapeshifter)
  33 yaks
  3 wyverns
  5 fire elementals
  2 yaks (shapeshifter)
  31 tarantellas
  5 hogs (D:13)
  2 basilisks
  2 hungry ghosts
  5 chaos spawn
  4 vampire mosquitoes (D:14)
  2 neqoxecs
  2 wargs
  A deep troll zombie (Vaults:2)
  A soldier ant (D:13)
  5 acid dragons
  2 hell hounds (Elf:1)
  7 water moccasins
  10 porcupines
  A swamp drake (D:12)
  8 sky beasts
  3 slaves (D:4)
  43 orc warriors
  4 black bears
  An ice beast (shapeshifter) (Vaults:1)
  2 phantoms
  An eye of draining (D:15)
  2 ice beasts
  45 ogres
  3 boggarts (Depths:2)
  13 wolves
  A human skeleton (Vaults:2)
  An orc zombie (Vaults:2)
  12 centaurs
  15 crocodiles
  2 big kobolds (D:12)
  4 earth elementals
  15 bullfrogs
  4 scorpions
  18 killer bees
  3 wights (D:13)
  7 howler monkeys
  4 electric eels
  7 crimson imps
  2 bullfrog zombies
  2 quasits
  9 hounds
  3 bullfrog skeletons
  A gnoll shaman (D:7)
  32 orc priests
  5 jellies
  29 orc wizards
  4 centaur skeletons
  5 iguanas
  Natasha (thrice) (D:3)
  An iguana (shapeshifter) (D:13)
  4 hell rats (Lair:6)
  16 worker ants
  A hound zombie (D:6)
  2 worker ant zombies
  7 gnolls
  7 adders
  2 shadow imps
  An ooze (D:6)
  An adder zombie (D:8)
  An adder skeleton (D:7)
  5 worms
  4 dart slugs
  5 leopard geckos
  122 orcs
  9 giant cockroaches
  6 goblins
  6 hobgoblins
  7 jackals
  9 kobolds
  8 quokkas
  3 ball pythons
  A ball python skeleton (D:4)
  7 bats
  3 frilled lizards
  A leopard gecko skeleton (D:6)
  A leopard gecko zombie (D:7)
  A quokka zombie (D:5)
  3 rats
  2 crawling corpses (Elf:3)
  2 fire vortices (Depths:2)
  3 fungi
  8 plants
1903 creatures vanquished.

Vanquished Creatures (collateral kills)
  A caustic shrike (Depths:5)
  Jorgrun (Orc:2)
  A titan (Zig:6)
  4 acid blobs (Zig:10)
  A storm dragon (Depths:5)
  A tengu reaver (Vaults:5)
  A shadow dragon (Depths:5)
  An azure jelly (Zig:10)
  A deep elf sorcerer (Vaults:5)
  4 nagarajas (Zig:13)
  A frost giant (Zig:12)
  A ghost moth (Zig:11)
  An emperor scorpion (Zig:11)
  A draconian scorcher (Zig:7)
  3 fire giants
  A draconian shifter (Zig:7)
  3 stone giants (Depths:3)
  14 very ugly things
  A spriggan defender (Depths:5)
  A draconian stormcaller (Zig:7)
  An entropy weaver (Zig:11)
  A green draconian (Depths:5)
  A red draconian (Zig:7)
  3 spark wasps
  An ettin (Depths:3)
  A yellow draconian (Depths:5)
  A death ooze (Zig:10)
  An eidolon (Zig:14)
  A deep elf death mage (Vaults:5)
  An ice dragon (Depths:3)
  A yaktaur captain (Depths:4)
  A great orb of eyes (Depths:4)
  17 vault guards (Vaults:5)
  A naga warrior (Zig:13)
  A spriggan air mage (Depths:4)
  2 deep troll earth magi
  6 deep troll shamans
  A salamander (Zig:13)
  A spriggan berserker (Depths:3)
  2 naga sharpshooters (Zig:13)
  A deep elf knight (Vaults:5)
  3 hell knights (Depths:2)
  A guardian serpent (Zig:13)
  3 iron trolls
  A salamander mystic (Zig:13)
  12 deep trolls
  2 glowing orange brains (Depths:3)
  A swamp dragon (Zig:4)
  2 wolf spiders (Zig:11)
  4 harpies (Shoals:3)
  2 necromancers (Depths:2)
  7 ugly things
  A faun (Shoals:3)
  3 orb spiders (Zig:11)
  A shining eye (Zig:10)
  3 black mambas (Zig:13)
  An eye of devastation (Zig:10)
  2 jumping spiders (Zig:11)
  A guardian serpent (shapeshifter) (Zig:6)
  3 tengu conjurers
  2 freezing wraiths
  12 yaktaurs
  2 demonic crawlers (Zig:11)
  An ancient zyme (Zig:5)
  4 hornets
  3 slime creatures
  A redback (Zig:11)
  3 tarantellas (Zig:11)
  A spriggan (Depths:5)
  A water elemental (Depths:3)
  A black bear (shapeshifter) (Depths:3)
  2 vampire mosquitoes (Zig:4)
  A naga (Zig:13)
  An insubstantial wisp (Zig:4)
  A floating eye (Depths:3)
  A floating eye (shapeshifter) (Vaults:5)
  A swamp drake (Zig:4)
  An ice beast (Zig:12)
  4 boggarts (Depths:3)
  3 crocodiles (Zig:3)
  A mummy (Zig:9)
189 creatures vanquished.

Vanquished Creatures (others)
  A caustic shrike (Depths:5)
  A bone dragon (Zig:14)
  A draconian monk (Zig:7)
  A draconian annihilator (Zig:7)
  An ironheart preserver (Vaults:5)
  A draconian stormcaller (Depths:5)
  A reaper (Zig:14)
  2 very ugly things
  A stone giant (Zig:6)
  A deep elf demonologist (Elf:1)
  A vampire knight (Zig:14)
  A white draconian (Depths:5)
  An eidolon (Zig:14)
  A yaktaur captain (Depths:4)
  6 vault guards (Vaults:5)
  4 ice dragons
  An anaconda (Zig:13)
  A deep troll earth mage (Depths:5)
  2 vampire magi (Zig:14)
  5 deep trolls
  A wizard (Depths:4)
  A wolf spider (Zig:11)
  A guardian serpent (Zig:13)
  3 black mambas (Zig:13)
  A freezing wraith (Zig:6)
  2 demonic crawlers (Zig:11)
  2 yaktaurs
  A guardian mummy (Zig:9)
  A hornet (Depths:5)
  2 slime creatures (Zig:10)
  3 spriggans
  A flying skull (Zig:9)
  A tarantella (Zig:11)
  A naga (Zig:13)
  An ogre (Vaults:5)
  A crocodile (Zig:3)
  An orc (Orc:1)
  A jackal (D:7)
  A bush (Lair:6)
  A fire vortex (Depths:2)
  14 fungi
  10 plants
  3 tentacles (Shoals:4)
  17 withered plants
105 creatures vanquished.

Grand Total: 2197 creatures vanquished

Notes
Turn   | Place    | Note
-------+----------+-------------------------------------------
     0 | D:1      | Johnny the Demigod Earth Elementalist began the quest for
                  | the Orb.
     0 | D:1      | Reached XP level 1. HP: 14/14 MP: 5/5
   106 | D:1      | Reached skill level 3 in Earth Magic
   164 | D:1      | Reached XP level 2. HP: 17/20 MP: 3/7
   722 | D:2      | Reached XP level 3. HP: 16/26 MP: 2/9
   844 | D:1      | Learned a level 3 spell: Stone Arrow
  1182 | D:2      | Found a faded altar of an unknown god.
  1322 | D:2      | Reached XP level 4. HP: 33/33 MP: 11/11
  1783 | D:3      | Noticed Natasha
  1792 | D:3      | Killed Natasha
  1792 | D:3      | Reached skill level 4 in Earth Magic
  1829 | D:3      | Found a shadowy altar of Dithmenos.
  1888 | D:3      | Noticed Grinder
  1892 | D:3      | Paralysed by Grinder for 3 turns
  1922 | D:3      | Killed Grinder
  1922 | D:3      | Reached skill level 5 in Earth Magic
  1922 | D:3      | Reached XP level 5. HP: 17/38 MP: 2/14
  1922 | D:3      | Reached XP level 6. HP: 20/45 MP: 2/15
  2070 | D:3      | Noticed Natasha
  2323 | D:3      | Killed Natasha
  2390 | D:3      | Noticed Natasha
  2400 | D:3      | Killed Natasha
  3245 | D:4      | Learned a level 5 spell: Lee's Rapid Deconstruction
  3250 | D:4      | Learned a level 4 spell: Petrify
  3264 | D:4      | Found an ancient bone altar of Kikubaaqudgha.
  3394 | D:4      | Found a white marble altar of Elyvilon.
  3407 | D:4      | Found an opulent altar of Gozag.
  3525 | D:4      | Noticed Pikel
  3543 | D:4      | Killed Pikel
  3543 | D:4      | Reached skill level 5 in Spellcasting
  3543 | D:4      | Reached skill level 6 in Earth Magic
  3543 | D:4      | Reached XP level 7. HP: 20/50 MP: 0/18
  3854 | D:4      | Found a runed translucent gate.
  3854 | D:4      | Found a runed translucent gate.
  3854 | D:4      | Found a runed translucent gate.
  3855 | D:4      | Noticed seehj's ghost (amateur HOEE)
  3856 | D:4      | Noticed capra's ghost (weakling GrGl)
  4122 | D:4      | Found a sparkling altar of Nemelex Xobeh.
  4132 | D:4      | Found a glowing golden altar of the Shining One.
  4381 | D:5      | Entered Level 5 of the Dungeon
  4483 | D:5      | Found a shimmering altar of Xom.
  4490 | D:5      | Found a shimmering altar of Xom.
  4491 | D:5      | Found a shimmering altar of Xom.
  4492 | D:5      | Found a shimmering altar of Xom.
  4492 | D:5      | Found a shimmering altar of Xom.
  4587 | D:5      | Found a shimmering altar of Xom.
  4587 | D:5      | Found a shimmering altar of Xom.
  4654 | D:5      | Reached skill level 7 in Earth Magic
  4654 | D:5      | Reached XP level 8. HP: 4/57 MP: 20/20
  4915 | D:5      | Found a hide-covered altar of Uskayaw.
  4961 | D:5      | Found the +8 longbow "Zephyr" {speed, Dex+3 SInv}
  4962 | D:5      | Found a hazy altar of Hepliaklqana.
  4962 | D:5      | Found an iron altar of Okawaru.
  5593 | D:6      | Found a staircase to the Ecumenical Temple.
  5621 | D:6      | Reached skill level 8 in Earth Magic
  5908 | D:6      | Found a snail-covered altar of Cheibriados.
  6152 | D:7      | Reached XP level 9. HP: 43/62 MP: 24/24
  6261 | D:7      | Found a hide-covered altar of Uskayaw.
  6292 | D:7      | Reached skill level 1 in Shields
  6646 | D:8      | Found a staircase to the Lair.
  6959 | D:8      | Reached skill level 9 in Earth Magic
  6960 | D:8      | Noticed a two-headed ogre
  6977 | D:8      | Killed a two-headed ogre
  7465 | D:8      | Got a shimmering falchion
  7525 | D:8      | Identified the +7 falchion of Trauma {flame, rPois rC+}
                  | (You found it on level 8 of the Dungeon)
  7694 | D:8      | Found a glowing silver altar of Zin.
  7848 | D:9      | Reached XP level 10. HP: 40/69 MP: 22/26
  7870 | D:9      | Noticed Erica
  7886 | D:9      | Killed Erica
  7886 | D:9      | Reached skill level 5 in Shields
  8165 | D:9      | Found a blossoming altar of Fedhas.
  8249 | D:9      | Reached skill level 10 in Earth Magic
  8620 | D:10     | Entered Level 10 of the Dungeon
  8792 | D:10     | Got a pitted leather armour
  8803 | D:10     | Identified the cursed +0 leather armour "Gyj Hasiwn"
                  | {Int+2} (You found it on level 10 of the Dungeon)
  8852 | D:10     | Noticed a two-headed ogre
  8857 | D:10     | Killed a two-headed ogre
  9560 | D:10     | Noticed a cyclops
  9567 | D:10     | Killed a cyclops
  9646 | D:10     | Noticed a two-headed ogre
  9649 | D:10     | Killed a two-headed ogre
  9649 | D:10     | Reached XP level 11. HP: 74/74 MP: 27/29
  9895 | D:11     | Noticed a two-headed ogre
  9899 | D:11     | Killed a two-headed ogre
  9899 | D:11     | Reached skill level 10 in Spellcasting
  9899 | D:11     | Reached skill level 11 in Earth Magic
 10458 | D:11     | Noticed Maurice
 10462 | D:11     | Killed Maurice
 10784 | D:11     | Noticed a two-headed ogre
 10790 | D:11     | Killed a two-headed ogre
 10806 | D:11     | Found a runed translucent door.
 10936 | D:11     | Noticed an eight-headed hydra
 10941 | D:11     | Killed an eight-headed hydra
 10941 | D:11     | Reached skill level 12 in Earth Magic
 10988 | D:11     | Identified the cursed +1 spear of Gasag {pierce, rPois rF-
                  | MR+ Int+2}
 10993 | D:11     | Noticed cccccccc's ghost (novice MiFi)
 11391 | D:11     | Killed cccccccc's ghost
 11704 | D:12     | Reached XP level 12. HP: 47/81 MP: 28/32
 12075 | D:12     | Found an ornate altar of the Wu Jian Council.
 12824 | D:12     | Found a staircase to the Orcish Mines.
 13051 | Orc:1    | Entered Level 1 of the Orcish Mines
 13063 | Orc:1    | Reached skill level 13 in Earth Magic
 13361 | Orc:1    | Found a roughly hewn altar of Beogh.
 13754 | Orc:2    | Entered Level 2 of the Orcish Mines
 13789 | Orc:2    | Found a staircase to the Elven Halls.
 13808 | Orc:2    | Noticed Jorgrun
 13820 | Orc:2    | Killed Jorgrun
 14129 | Orc:2    | Found a roughly hewn altar of Beogh.
 14361 | Orc:2    | Found Ixetupni's Magic Scroll Shop.
 14378 | Orc:2    | Found Wedy's Distillery.
 14535 | Orc:2    | Bought a scroll of holy word for 127 gold pieces
 14535 | Orc:2    | Bought a scroll of identify for 34 gold pieces
 14535 | Orc:2    | Bought a scroll of teleportation for 51 gold pieces
 14535 | Orc:2    | Bought a scroll of fog for 34 gold pieces
 14535 | Orc:2    | Bought a scroll of identify for 34 gold pieces
 14863 | Orc:2    | Reached skill level 14 in Earth Magic
 14947 | Orc:2    | Reached XP level 13. HP: 86/86 MP: 18/34
 15497 | Orc:2    | Found Bir Ciobb's Book Shoppe.
 15497 | Orc:2    | Found a one-way gate leading to the halls of Pandemonium.
 15497 | Orc:2    | Found Hyuschin's Antique Weapon Emporium.
 16034 | Orc:2    | Bought 3 potions of mutation for 432 gold pieces
 16036 | Orc:2    | Bought a scroll of acquirement for 884 gold pieces
 16036 | Orc:2    | Bought a scroll of summoning for 161 gold pieces
 16047 | Orc:2    | Learned a level 2 spell: Blink
 16153 | D:13     | Noticed Kirke
 16157 | D:13     | Killed Kirke
 16370 | D:13     | Reached skill level 15 in Earth Magic
 16982 | D:13     | Found a gate to the Vaults.
 17544 | D:14     | Reached XP level 14. HP: 93/93 MP: 36/37
 17698 | D:14     | You fall into a shaft and drop 1 floor!
 17698 | D:15     | Entered Level 15 of the Dungeon
 18032 | D:15     | Reached skill level 16 in Earth Magic
 18152 | D:15     | Found a staircase to the Depths.
 18846 | D:14     | Found Oryiss Beuca's Antique Weapon Shoppe.
 19310 | Lair:1   | Entered Level 1 of the Lair of Beasts
 19363 | Lair:1   | Found a gate leading to a gauntlet.
 19372 | Gauntlet | Entered a Gauntlet
 19372 | Gauntlet | Found a large runed translucent door.
 19372 | Gauntlet | Found a large runed translucent door.
 19372 | Gauntlet | Found a large runed translucent door.
 19372 | Gauntlet | Found a large runed translucent door.
 19372 | Gauntlet | Found a large runed translucent door.
 19372 | Gauntlet | Found a large runed translucent door.
 19372 | Gauntlet | Found a large runed translucent door.
 19372 | Gauntlet | Found a large runed translucent door.
 19372 | Gauntlet | Found a runed translucent door.
 19372 | Gauntlet | Found a runed translucent gate.
 19372 | Gauntlet | Found a transporter.
 19372 | Gauntlet | Found a transporter.
 19372 | Gauntlet | Found a runed translucent gate.
 19372 | Gauntlet | Found a transporter.
 19372 | Gauntlet | Found a transporter.
 19376 | Gauntlet | Found a transporter.
 19376 | Gauntlet | Found a transporter.
 19377 | Gauntlet | Found a runed translucent gate.
 19377 | Gauntlet | Found a runed translucent door.
 19381 | Gauntlet | Found a large runed translucent door.
 19381 | Gauntlet | Found a large runed translucent door.
 19390 | Gauntlet | Found a transporter.
 19390 | Gauntlet | Found a transporter.
 19400 | Gauntlet | Found a transporter.
 19445 | Gauntlet | Found a large runed translucent door.
 19445 | Gauntlet | Found a large runed translucent door.
 19448 | Gauntlet | Found a large runed translucent door.
 19448 | Gauntlet | Found a large runed translucent door.
 19449 | Gauntlet | Found a large runed translucent door.
 19450 | Gauntlet | Found a large runed translucent door.
 19502 | Gauntlet | Found a transporter.
 19504 | Gauntlet | Found a transporter.
 19520 | Gauntlet | Found a transporter.
 19570 | Gauntlet | Reached skill level 15 in Spellcasting
 19738 | Gauntlet | Got a scorched garnet amulet
 19799 | Gauntlet | Identified the amulet of Recklessness {Reflect rElec Dex+2
                  | SH+3}
 19834 | Gauntlet | Got a flickering marble ring
 19837 | Gauntlet | Identified the ring of Buryuzxef {rF+ MP+9 Str+4} (You
                  | found it in a Gauntlet)
 19853 | Gauntlet | Identified the amulet "Afavuody" {rC+ Regen+} (You found it
                  | in a Gauntlet)
 19855 | Gauntlet | Got a slimy ring mail
 19861 | Gauntlet | Identified the +4 ring mail of the Nine Stars {Str+5} (You
                  | found it in a Gauntlet)
 22249 | Lair:3   | Found a staircase to the Shoals.
 22393 | Lair:3   | Found a hole to the Spider Nest.
 23489 | Lair:4   | Noticed Nergalle
 23492 | Lair:4   | Killed Nergalle
 23556 | Lair:4   | Reached XP level 15. HP: 99/99 MP: 38/40
 23558 | Lair:4   | Noticed Urug
 23574 | Lair:4   | Killed Urug
 23827 | Lair:4   | Reached skill level 17 in Earth Magic
 24195 | Lair:5   | Found a viscous altar of Jiyva.
 24195 | Lair:5   | Found a staircase to the Slime Pits.
 24977 | Lair:6   | Entered Level 6 of the Lair of Beasts
 27095 | Shoals:1 | Entered Level 1 of the Shoals
 27889 | Shoals:2 | Found a glowing silver altar of Zin.
 28953 | Shoals:3 | Noticed Ilsuiw
 28965 | Shoals:3 | Found a flickering gateway to a bazaar.
 28970 | Bazaar   | Entered a bazaar
 28970 | Bazaar   | Found Waokain's Antique Weapon Shop.
 28998 | Bazaar   | Found Hipycs's Weapon Shoppe.
 29002 | Bazaar   | Found Wuku's Distillery.
 29090 | Bazaar   | Found Sum Ame's Armour Shop.
 29106 | Bazaar   | Bought a potion of lignification for 36 gold pieces
 29106 | Bazaar   | Bought 2 potions of heal wounds for 120 gold pieces
 29106 | Bazaar   | Bought a potion of berserk rage for 60 gold pieces
 29106 | Bazaar   | Bought a potion of mutation for 96 gold pieces
 29106 | Bazaar   | Bought a potion of flight for 36 gold pieces
 29106 | Bazaar   | Bought a potion of might for 48 gold pieces
 29106 | Bazaar   | Bought a potion of lignification for 36 gold pieces
 29106 | Bazaar   | Bought a potion of heal wounds for 60 gold pieces
 29106 | Bazaar   | Bought a potion of might for 48 gold pieces
 29106 | Bazaar   | Bought a potion of curing for 36 gold pieces
 29190 | Shoals:3 | Reached skill level 18 in Earth Magic
 29259 | Shoals:3 | Noticed Bai Suzhen
 29389 | Shoals:2 | Killed Bai Suzhen
 29830 | Shoals:3 | Killed Ilsuiw
 29830 | Shoals:3 | Reached XP level 16. HP: 38/105 MP: 17/42
 30112 | Shoals:3 | Found Ugiunyxt's Weapon Emporium.
 30329 | Shoals:3 | Noticed Polyphemus
 30434 | Shoals:3 | Killed Polyphemus
 30644 | Shoals:3 | Found Caryvota's General Store.
 30654 | Shoals:3 | Bought a scroll of summoning for 133 gold pieces
 30701 | Shoals:4 | Entered Level 4 of the Shoals
 30701 | Shoals:4 | Noticed Donald
 31179 | Shoals:3 | Killed Donald
 31938 | Shoals:4 | Reached skill level 19 in Earth Magic
 32054 | Shoals:4 | Noticed a kraken
 32330 | Shoals:4 | Got a barnacled rune of Zot
 32809 | Shoals:4 | Found the +9 heavy crossbow "Sniper" {velocity, Acc+∞ SInv}
 33200 | Spider:1 | Entered Level 1 of the Spider Nest
 33899 | Spider:1 | Reached skill level 20 in Earth Magic
 34021 | Spider:1 | Paralysed by a hornet for 3 turns
 34720 | Spider:2 | Reached XP level 17. HP: 111/111 MP: 35/44
 35241 | Spider:2 | Noticed Asterion
 35251 | Spider:2 | Killed Asterion
 35254 | Spider:2 | Noticed Arachne
 35257 | Spider:2 | Killed Arachne
 35921 | Spider:3 | Noticed Nikola
 36095 | Spider:3 | Noticed Aizul
 36102 | Spider:3 | Killed Aizul
 36124 | Spider:3 | Killed Nikola
 36207 | Spider:3 | Reached skill level 21 in Earth Magic
 36554 | Spider:4 | Entered Level 4 of the Spider Nest
 39142 | Spider:4 | Got a gossamer rune of Zot
 39501 | Vaults:1 | Entered Level 1 of the Vaults
 39773 | Vaults:1 | Found Vahohor's Armour Shop.
 39973 | Vaults:1 | Found Qafeeph's Antique Armour Emporium.
 39977 | Vaults:1 | Bought a shiny buckler for 187 gold pieces
 40293 | Vaults:1 | Reached XP level 18. HP: 117/117 MP: 40/47
 41350 | Elf:1    | Entered Level 1 of the Elven Halls
 41363 | Elf:1    | Noticed Azrael
 41367 | Elf:1    | Killed Azrael
 41510 | Elf:1    | Reached skill level 22 in Earth Magic
 42098 | Elf:1    | Identified Sif Muna's Collected Works on the Entourage
 42118 | Elf:1    | Noticed Agnes
 42401 | Elf:1    | Killed Agnes
 42623 | Elf:1    | Found Qikkeg's Gadget Shoppe.
 42623 | Elf:1    | Found Haq Lud's Assorted Antiques.
 42625 | Elf:1    | Found Hutouw's General Store.
 42631 | Elf:1    | Bought a potion of lignification for 42 gold pieces
 42631 | Elf:1    | Bought a potion of heal wounds for 70 gold pieces
 42631 | Elf:1    | Bought a scroll of identify for 28 gold pieces
 42631 | Elf:1    | Bought a scroll of identify for 28 gold pieces
 42631 | Elf:1    | Bought a ration for 70 gold pieces
 42631 | Elf:1    | Found Naxogg's Jewellery Emporium.
 42653 | Elf:1    | Bought a potion of ambrosia for 240 gold pieces
 42653 | Elf:1    | Bought a scroll of fog for 60 gold pieces
 42668 | Elf:1    | Reached skill level 1 in Fighting
 43068 | Elf:1    | Found Zoucsinn's Armour Boutique.
 43264 | Elf:2    | Found Niuni's Antique Weapon Boutique.
 43742 | Elf:2    | Found a runed translucent gate.
 43742 | Elf:2    | Found a runed translucent gate.
 43742 | Elf:2    | Found a runed translucent gate.
 44308 | Elf:2    | Reached XP level 19. HP: 133/133 MP: 49/49
 44827 | Elf:3    | Entered Level 3 of the Elven Halls
 44860 | Elf:3    | Noticed Saint Roka
 44872 | Elf:3    | Killed Saint Roka
 45027 | Elf:3    | Found a shimmering blue altar of Sif Muna.
 45636 | Elf:3    | Reached skill level 5 in Fighting
 45820 | Elf:3    | Identified the +1 chain mail of Simoa {rCorr Int-3 Dex+7}
 45820 | Elf:3    | Identified the ring of Xaikk {Ice +Fly rElec SInv Stlth-}
 46020 | Elf:3    | Identified the +1 leather armour of Least Resistance {MR+
                  | MP-9 SInv}
 46274 | Elf:3    | Identified the cursed +0 plate armour "Rathumn" {rF- MR++
                  | Str+4}
 46286 | Elf:3    | Noticed Mara
 46289 | Elf:3    | Killed Mara
 46290 | Elf:3    | Identified the amulet of Autotheism {Reflect rElec rN+
                  | Dex+4 SH+3}
 46589 | Elf:3    | Reached skill level 23 in Earth Magic
 46825 | Elf:3    | Got a pair of ichor-stained boots
 46836 | Elf:3    | Identified the +2 pair of boots of the Barber Surgeon {+Inv
                  | rElec rC+++ Dex-4} (You found it on level 3 of the Elven
                  | Halls)
 46858 | Elf:3    | Got a spiked helmet
 46863 | Elf:3    | Got a pair of twisted boots
 46865 | Elf:3    | Identified the +2 helmet of True Grit {-Cast rN++} (You
                  | found it on level 3 of the Elven Halls)
 46866 | Elf:3    | Identified the +2 pair of boots of Luetiuny {*Slow rPois
                  | rC+ Regen+} (You found it on level 3 of the Elven Halls)
 47063 | Elf:3    | Learned a level 8 spell: Discord
 47570 | Vaults:2 | Noticed Xtahua
 47571 | Vaults:2 | Paralysed by Xtahua for 5 turns
 47579 | Vaults:2 | Paralysed by Xtahua for 5 turns
 47587 | Vaults:2 | Killed Xtahua
 48288 | Vaults:2 | Reached skill level 5 in Hexes
 48987 | Vaults:2 | Reached XP level 20. HP: 152/152 MP: 40/51
 49570 | Vaults:3 | Identified the +5 rapier of Heruxt {flame, Str+4 Int+2}
 49999 | Vaults:3 | Found Reqineej's Antique Weapon Shoppe.
 51063 | Vaults:3 | Found a staircase to the Crypt.
 51065 | Vaults:3 | Reached skill level 10 in Hexes
 53040 | Vaults:4 | Found Ikot's Book Emporium.
 53632 | Vaults:5 | Entered Level 5 of the Vaults
 53708 | Vaults:5 | Reached XP level 21. HP: 70/158 MP: 17/52
 53833 | Vaults:5 | Noticed an ancient lich
 53837 | Vaults:5 | Killed an ancient lich
 54088 | Vaults:5 | Got a silver rune of Zot
 54098 | Vaults:5 | Paralysed by a sphinx for 2 turns
 54252 | Vaults:5 | Identified the amulet of the Final Chapter {Reflect -Tele
                  | Int+3 SH+5 Stlth+}
 54330 | Vaults:5 | Reached skill level 15 in Hexes
 55139 | Vaults:5 | Identified the +11 mace "Muoly" {crush, Int+3}
 55389 | Vaults:5 | Found Xasipp Fahe's Distillery.
 55528 | Vaults:5 | Bought a potion of might for 72 gold pieces
 55528 | Vaults:5 | Bought a potion of heal wounds for 90 gold pieces
 55528 | Vaults:5 | Bought a potion of brilliance for 72 gold pieces
 55528 | Vaults:5 | Bought a potion of heal wounds for 90 gold pieces
 55528 | Vaults:5 | Bought a potion of heal wounds for 90 gold pieces
 55528 | Vaults:5 | Bought a potion of agility for 72 gold pieces
 55528 | Vaults:5 | Bought a potion of brilliance for 72 gold pieces
 55528 | Vaults:5 | Bought a potion of curing for 54 gold pieces
 55528 | Vaults:5 | Bought a potion of curing for 54 gold pieces
 55528 | Vaults:5 | Bought a potion of mutation for 144 gold pieces
 55528 | Vaults:5 | Bought a potion of ambrosia for 144 gold pieces
 56069 | Vaults:5 | Got an ominously black robe
 56070 | Vaults:5 | Identified the cursed +1 robe "Vidghit" {MR+} (You found it
                  | on level 5 of the Vaults)
 56417 | Vaults:5 | Found Qeitus's Armour Shoppe.
 56438 | Vaults:5 | Bought the +1 robe of Ihenasaku {Int+6} for 303 gold pieces
 56481 | Vaults:5 | Identified the Disquisition on Venom
 56950 | Depths:1 | Entered Level 1 of the Depths
 57088 | Depths:1 | Reached skill level 1 in Armour
 57092 | Depths:1 | Reached XP level 22. HP: 166/166 MP: 47/53
 57223 | Depths:1 | Found Zoorch Maimio's Antique Weapon Emporium.
 57419 | Depths:1 | Noticed a juggernaut
 57549 | Depths:1 | Killed a juggernaut
 58347 | Depths:1 | Got a slimy scale mail
 58348 | Depths:1 | Identified the +5 scale mail "Agearofa" {rF+ Int+4 SInv
                  | Stlth+} (You found it on level 1 of the Depths)
 58376 | Depths:1 | Identified Dufosmiu's Compendium of Bewitching Summoning
 58571 | Depths:1 | Found a gateway to Hell.
 59142 | Depths:2 | Found Ejait's Jewellery Shoppe.
 59142 | Depths:2 | Found Cuorie's Gadget Shop.
 59143 | Depths:2 | Found Botuo's Jewellery Shoppe.
 59935 | Depths:2 | Reached skill level 5 in Dodging
 60309 | Depths:2 | Learned a level 6 spell: Iron Shot
 60318 | Depths:2 | Learned a level 8 spell: Controlled Blink
 60325 | Depths:2 | Learned a level 6 spell: Deflect Missiles
 60329 | Depths:2 | Learned a level 3 spell: Regeneration
 60514 | Depths:2 | Reached skill level 1 in Translocations
 60843 | Depths:2 | Identified Sif Muna's Papyrus of the Rocks
 60846 | Depths:2 | Identified the Tome of the Glacier
 61158 | Depths:3 | Found Ruwy's Armour Shop.
 61165 | Depths:3 | Bought the +1 cloak of the Onion {Int+4 Dex+6} for 787 gold
                  | pieces
 61328 | Depths:3 | Found Utoiqeef's Food Boutique.
 61359 | Depths:3 | Reached skill level 5 in Translocations
 61791 | Depths:3 | You fall into a shaft and drop 2 floors!
 61791 | Depths:5 | Entered Level 5 of the Depths
 61846 | Depths:5 | Noticed Louise
 61848 | Depths:5 | Found a one-way gate to the infinite horrors of the Abyss.
 61856 | Depths:5 | Killed Louise
 61866 | Depths:5 | Noticed a caustic shrike
 61870 | Depths:5 | Noticed a caustic shrike
 61872 | Depths:5 | Noticed a caustic shrike
 61872 | Depths:5 | Noticed a caustic shrike
 61940 | Depths:5 | Killed a caustic shrike
 61943 | Depths:5 | Killed a caustic shrike
 62012 | Depths:5 | Found a gateway to a ziggurat.
 62250 | Zig:1    | Entered Level 1 of a ziggurat
 62265 | Zig:2    | Entered Level 2 of a ziggurat
 62362 | Zig:3    | Entered Level 3 of a ziggurat
 62417 | Zig:4    | Entered Level 4 of a ziggurat
 62421 | Zig:4    | Found the cursed necklace of Bloodlust {*Rage +Rage MR++
                  | Int-3 Slay+6 *Curse}
 62424 | Zig:4    | Reached XP level 23. HP: 153/177 MP: 43/55
 62477 | Zig:4    | Got a smoking chain mail
 62479 | Zig:4    | Identified the cursed +0 chain mail of Servitude {rF- rN+
                  | Int+6} (You found it on level 4 of a ziggurat)
 62514 | Zig:5    | Entered Level 5 of a ziggurat
 62758 | Zig:5    | Got a steaming scale mail
 62759 | Zig:5    | Identified the +5 scale mail "Bacobb" {Dex+2} (You found it
                  | on level 5 of a ziggurat)
 62767 | Zig:6    | Entered Level 6 of a ziggurat
 62837 | Zig:6    | Identified the Grimoire of Toxins
 62858 | Zig:6    | Learned a level 5 spell: Borgnjor's Vile Clutch
 62860 | Zig:6    | Learned a level 1 spell: Apportation
 62862 | Zig:6    | Learned a level 1 spell: Summon Butterflies
 62863 | Zig:7    | Entered Level 7 of a ziggurat
 62868 | Zig:7    | Found the +4 moon troll leather armour {Spirit, Regen++
                  | MP+5}
 62967 | Zig:7    | Identified the Incunabulum of Weightlessness and Creation
 62969 | Zig:7    | Identified the Compendium of Poisonous Aid
 63135 | Zig:8    | Entered Level 8 of a ziggurat
 63141 | Zig:8    | Noticed Befid the pandemonium lord
 63155 | Zig:9    | Entered Level 9 of a ziggurat
 63329 | Zig:9    | Noticed a greater mummy
 63336 | Zig:9    | Noticed a greater mummy
 63338 | Zig:9    | Found the +8 lance "Wyrmbane" {slay drac, rPois rF+ rC+
                  | AC+3}
 63342 | Zig:10   | Entered Level 10 of a ziggurat
 63529 | Zig:10   | Identified Ossuomi's Catalogue of Quantum Evil Magic
 63532 | Zig:10   | Identified Ziphanti's Catalogue of Shifting Cold
 63539 | Zig:10   | Identified Sif Muna's Incunabulum of Transmutation
 63548 | Zig:10   | Learned a level 2 spell: Shroud of Golubria
 63626 | Zig:11   | Entered Level 11 of a ziggurat
 63814 | Zig:12   | Entered Level 12 of a ziggurat
 63830 | Zig:12   | Noticed a shard shrike
 63840 | Zig:13   | Entered Level 13 of a ziggurat
 63862 | Zig:13   | Reached skill level 10 in Translocations
 63862 | Zig:13   | Reached XP level 24. HP: 49/183 MP: 29/55
 63923 | Zig:13   | Got a pitted arbalest
 63935 | Zig:14   | Entered Level 14 of a ziggurat
 64121 | Zig:14   | Reached XP level 25. HP: 22/190 MP: 5/55
 64140 | Zig:14   | Noticed an ancient lich
 64349 | Depths:5 | Learned a level 9 spell: Tornado
 64395 | Depths:5 | Reached skill level 1 in Air Magic
 64528 | Depths:5 | Found a gate to the Realm of Zot.
 65019 | Depths:4 | Found a transporter.
 65050 | Depths:4 | Shot with a bolt by a yaktaur

Levels and vault maps discovered:
D:1:      grunt_arrival_crossed_arrows, layout_loops_ring, serial_forest,
          infiniplex_forest_lined_room_, infiniplex_forest_lined_room_2,
          infiniplex_forest_straight_3, infiniplex_forest_lined_corner,
          infiniplex_forest_lined_room_2, infiniplex_forest_clump_large,
          infiniplex_forest_clump_tiny, infiniplex_forest_clump_C,
          supply_closet_lemuel
D:2:      layout_rooms, chequers_ecumenical_altar_simple_redux, minmay_3d_cube
D:3:      layout_loops_ring, nicolae_dithmenos_shadow_blocks,
          kennysheep_minor_cross, uniq_natasha, uniq_grinder
D:4:      layout_basic, kiku_gazebo_pond_becter, elyvilon_altar_5,
          amethyst_overflow_temple_binary, nicolae_gozag_seed_capital,
          gammafunk_ghost_cemetery, bh_walls_and_bars, uniq_pikel
D:5:      layout_rooms, old_standard_altar,
          chequers_temple_overflow_statue_of_worship, first_ration,
          dk_noncrumbling_2, nicolae_xom_altar_mimics
D:6:      wad_crossroads, layout_basic, cheibriados_altar_1,
          minmay_temple_entry_water_ring
D:7:      layout_rooms, basic_altar, lemuel_flame_loot_1
D:8:      layout_loops_ring, zin_academy, lair_entry_dummy
D:9:      minmay_recursive_quarters, layout_rooms, fedhas_ov_isle_minmay,
          uniq_erica
D:10:     layout_grid_maze, hangedman_fish_farm
D:11:     layout_big_octagon, ebering_ghost_funeral_grove, uniq_maurice
D:12:     layout_roguey, erik_orc_1, basic_altar
D:13:     layout_roguey, lightli_vaults_fourway_checkpoint,
          kennysheep_opposing_triangles, uniq_kirke
D:14:     layout_gridville, serial_shops, kennysheep_mini, serial_glass,
          glass_columns_b, glass_columns_a, glass_columns_a, glass_columns_b,
          glass_columns_a, glass_columns_a, glass_columns_b, glass_columns_a,
          glass_columns_b, glass_columns_b, glass_columns_c, glass_columns_a,
          glass_columns_a, glass_columns_a
D:15:     grunt_enter_depths_magical_seal, layout_rooms
Lair:1:   layout_small_grid, gauntlet_entry_generic, serial_bayou_shore_a
Lair:2:   layout_layer_cave, grunt_megastairs_4, infiniplex_staircase_pool
Lair:3:   layout_gridlike, shoals_dummy_entry, nicolae_spider_entry_non_spiders,
          special_room [special_room_bee]
Lair:4:   layout_regular_city, uniq_nergalle, uniq_urug
Lair:5:   layout_loops_ring, slime_altar_1
Lair:6:   due_jungle_book, layout_cave_pods
Shoals:1: layout_shoals
Shoals:2: layout_shoals, lemuel_oklob_altar
Shoals:3: layout_shoals, serial_shops, bzr_firewalk, nicolae_shop_behind_doors,
          shop, uniq_ilsuiw, uniq_bai_suzhen, uniq_polyphemus
Shoals:4: shoals_end_grunt_ice, layout_shoals, uniq_donald
Spider:1: layout_spider_delve
Spider:2: layout_spider_delve, uniq_asterion, uniq_arachne
Spider:3: layout_spider_delve, uniq_nikola, uniq_aizul
Spider:4: grunt_spider_rune_circles
Orc:1:    layout_caves, mines1_david
Orc:2:    pf_orc_diabolical, layout_diamond_mine, basic_altar,
          nicolae_orc_pool_cavern, uniq_jorgrun
Elf:1:    elf_arrival_002, layout_geoelf_octagon, serial_shops, shop_fountains,
          minmay_elf_demonology, fake_guardian_serpent_vault, minmay_shoptagon,
          uniq_agnes, uniq_azrael
Elf:2:    layout_geoelf_grid, serial_shops, shop, minivault_4, billiards_dpeg
Elf:3:    minmay_elf_hall_curves, layout_geoelf_castle, basic_altar,
          amethyst_killhole, uniq_saint_roka, uniq_mara
Vaults:1: v_misc_25, nicolae_vaults_shelves_hall, hangedman_vaults_variations,
          vaults_room_grid, v_misc_11, vaults_dpeg_diagonal,
          ontoclasm_vaults_idyll, nicolae_vaults_mini_display_case,
          nicolae_vaults_little_squares_1, v_misc_4,
          ontoclasm_vaults_ring_large, dpeg_vaults_monster_box, v_misc_5,
          layout_vaults_maze_snakey, serial_shops, shop_statue
Vaults:2: vaults_room_door_hall, v_misc_29, hangedman_vaults_stretched_pinwheel,
          grunt_vaults_bifocal, ontoclasm_vaults_loading_screen,
          ontoclasm_vaults_ligature, hangedman_vaults_maws, v_misc_22,
          nicolae_vaults_sealed_display, vaults_room_stairs_pillars,
          layout_vaults_omnigrid, uniq_xtahua
Vaults:3: minmay_crypt_entry_simple_statues, nicolae_vaults_big_angled_halls,
          v_misc_15, v_pattern_1, vaults_room_large_hall, grunt_vaults_focal,
          v_misc_17, v_misc_22, v_alt_pattern_2, hangedman_vaults_maws,
          layout_vaults_chaotic_city, serial_shops, shop
Vaults:4: grunt_vaults_swirl, v_misc_8, hangedman_vaults_snaps,
          nicolae_vaults_arrows, ontoclasm_vaults_ring_square, v_misc_25,
          hangedman_vaults_stretched_pinwheel, v_pattern_2,
          ontoclasm_vaults_eye, hangedman_vaults_nails,
          vaults_room_stairs_pillars, layout_vaults_big_cross, serial_shops,
          nicolae_shop_crystal
Vaults:5
Depths:1: layout_long_grid, serial_shops, nicolae_shop_stone, chequers_jeans,
          pf_coc_iceberg, corexii_hall_statues_l, minmay_swirly_circle
Depths:2: mu_elemental_laboratory, layout_cave_shapes, hell_entry,
          kennysheep_generic_room_15, minmay_shop_grove
Depths:3: minmay_bubble_buster, layout_cave_pools,
          pf_vacation_house_of_asmodeus, rand_demon_pan_entry_3,
          minmay_staircase_bubble, serial_shops, nicolae_shop_crystal,
          kennysheep_mini_moat, shop, shop_statue
Depths:4: gammafunk_dig_for_victory, layout_cave_pools, pan_entry,
          grunt_hell_entry_dis_old, abyss_entry, minmay_misc_feat_plants,
          minmay_orc_keep
Depths:5: grunt_twist_and_shout, layout_cave_pools, enter_ziggurat_a,
          nicolae_abyss_entry_one_way_or_another, hell_entry,
          lightli_corner_chamber

Skill      XL: |  1  2  3  4  5  6  7  8  9 10 11 12 13 14 15 16 17 18 19 20 21 22 23 24 25 |
---------------+----------------------------------------------------------------------------+-----
Spellcasting   | 2 3 4 5 6 7 8 9 11 12 14 15 16 18 19 20 21 | 21.9
Earth Magic    | 3 5 6 7 8 9 10 12 14 15 16 18 20 21 22 23 | 23.0
Shields        | 4 6 |  6.0
Fighting       | 3 7 8 |  8.6
Hexes          | 6 13 17 | 17.4
Dodging        | 2 5 |  5.1
Armour         | 1 4 |  4.6
Translocations | 8 10 11 12 | 12.2
Air Magic      | 3 |  3.2
Stealth        | |  1.7
Transmutations | |  0.8

Action                   |  1- 3 |  4- 6 |  7- 9 | 10-12 | 13-15 | 16-18 | 19-21 | 22-24 | 25-27 || total
-------------------------+-------+-------+-------+-------+-------+-------+-------+-------+-------++-------
Melee: Unarmed           |    43 |       |       |       |       |       |       |       |       ||    43
       Hand axe          |     6 |    80 |    28 |       |       |       |       |       |       ||   114
       Dagger            |       |       |    88 |       |       |       |       |       |       ||    88
       Falchion          |       |       |    12 |    88 |       |       |       |       |       ||   100
       Staff             |       |       |       |    10 |   170 |     6 |    11 |     4 |     1 ||   202
Throw: Stone             |       |       |       |       |     3 |     3 |     2 |     6 |     1 ||    15
 Cast: Sandblast         |    30 |    35 |    56 |   157 |   160 |    95 |    24 |     5 |       ||   562
       Stone Arrow       |     8 |    15 |    23 |    79 |   181 |    67 |    26 |    18 |       ||   417
       Lee's Rapid Decon |       |     3 |    20 |   108 |   288 |   504 |   510 |   153 |    19 ||  1605
       Petrify           |       |       |     1 |    10 |    34 |    56 |     2 |     1 |     2 ||   106
       Blink             |       |       |       |       |     2 |    18 |     7 |    36 |     1 ||    64
       Discord           |       |       |       |       |       |       |     5 |    53 |     3 ||    61
       Iron Shot         |       |       |       |       |       |       |       |    68 |     5 ||    73
       Controlled Blink  |       |       |       |       |       |       |       |     3 |     1 ||     4
       Shroud of Golubri |       |       |       |       |       |       |       |     3 |       ||     3
       Borgnjor's Vile C |       |       |       |       |       |       |       |     5 |       ||     5
Evoke: Wand              |       |     5 |     4 |    14 |    21 |    24 |     8 |    18 |    10 ||   104
       Box of beasts     |       |       |       |     1 |       |       |     2 |     3 |       ||     6
       Lightning rod     |       |       |       |       |     1 |     4 |     9 |     3 |       ||    17
       Sack of spiders   |       |       |       |       |       |       |       |     6 |     2 ||     8
       Lamp of fire      |       |       |       |       |       |       |       |       |     1 ||     1
  Use: Scroll            |       |     4 |     6 |     6 |    16 |    13 |    17 |    27 |     4 ||    93
       Potion            |       |       |       |     1 |     4 |     3 |    24 |    36 |     4 ||    72
 Stab: Sleeping          |     4 |     4 |     5 |     5 |     2 |       |       |       |       ||    20
       Paralysed         |       |     1 |       |       |       |       |       |       |       ||     1
  Eat: Chunk             |     2 |     9 |    18 |    23 |    36 |    28 |    16 |    10 |       ||   142
       Ration            |       |       |       |     1 |     3 |     6 |     6 |     5 |       ||    21
Armor: Robe              |    20 |    27 |    26 |       |       |       |       |       |       ||    73
       Leather armour    |       |       |       |    24 |       |       |       |       |       ||    24
       Troll leather arm |       |       |       |    13 |    88 |    78 |    66 |    62 |    17 ||   324
Dodge: Dodged            |    66 |    61 |    95 |   103 |   214 |   128 |   102 |   135 |    17 ||   921
       Deflected         |       |       |       |       |    19 |    21 |    33 |    11 |       ||    84
Block: Buckler           |       |       |       |    53 |   115 |    69 |    41 |    63 |     6 ||   347
       Rpst.: Falchion   |       |       |     8 |    16 |       |       |       |       |       ||    24
